 Dungeon Crawl Stone Soup version 0.20-a0-454-g2b43fbb (webtiles) character file.

107 HarleyQuinn the Chiller (level 4, 0/30 HPs)
             Began as a Demonspawn Ice Elementalist on Jan 8, 2017.
             Was an Initiate of Cheibriados.
             Slain by a phantom (3 damage)
             ... on level 2 of the Dungeon.
             The game lasted 00:07:30 (4697 turns).

HarleyQuinn the Chiller (DsIE)                      Turns: 4697, Time: 00:07:30

Health: 0/30       AC:  3    Str: 11    XL:     4   Next: 56%
Magic:  0/7        EV: 12    Int: 19    God:    Cheibriados [......]
Gold:   84         SH:  0    Dex: 14    Spells: 2/7 levels left

rFire  x . .     SeeInvis .     x - staff of energy
rCold  + . .     Gourm    .     a - +0 robe
rNeg   . . .     Faith    .     (no shield)
rPois  .         Spirit   .     (helmet restricted)
rElec  .         Reflect  .     i - +0 cloak
rCorr  .         Harm     .     (no gloves)
MR     .....                    (no boots)
Stlth  ++........               (no amulet)
                                r - ring of ice
                                e - +2 ring of strength

@: very slow
A: claws 1, horns 1, talons 1
a: Bend Time, Renounce Religion


You were on level 2 of the Dungeon.
You worshipped Cheibriados.
Cheibriados was noncommittal.
You were very hungry.

You visited 1 branch of the dungeon, and saw 3 of its levels.

You collected 84 gold pieces.

Inventory:

Hand Weapons
 g - a +0 whip of freezing
Armour
 a - a +0 robe (worn)
 i - a +0 cloak (worn)
Magical Staves
 x - an uncursed staff of energy (weapon)
Jewellery
 e - a +2 ring of strength (left claw)
 k - an uncursed ring of protection from cold
 r - a ring of ice (right claw)
Scrolls
 h - a scroll of remove curse {unknown}
 o - 3 scrolls of identify {unknown}
 q - a scroll of enchant weapon {unknown}
 t - a scroll of fog {unknown}
 w - a scroll of enchant armour {unknown}
Potions
 d - a potion of magic {unknown}
 f - 3 potions of curing {unknown}
 n - a potion of lignification {unknown}
 p - a potion of heal wounds {unknown}
 s - a potion of agility {unknown}
 u - a potion of berserk rage {unknown}
Books
 b - a book of Frost

   Spells                             Type                      Level
   a - Freeze                         Ice                          1
   b - Throw Frost                    Conjuration/Ice              2
   c - Ozocubu's Armour               Charms/Ice                   3
   d - Throw Icicle                   Conjuration/Ice              4
   e - Summon Ice Beast               Ice/Summoning                4
Comestibles
 c - 3 bread rations
 j - a beef jerky
 m - a meat ration
 v - a slice of pizza


   Skills:
 - Level 1.7 Dodging
 - Level 1.7 Stealth
 - Level 2.0 Spellcasting
   Level 1.0 Conjurations
 + Level 4.9 Ice Magic


You had 2 spell levels left.
You knew the following spells:

 Your Spells              Type           Power        Failure   Level  Hunger
a - Freeze                Ice            ####         2%          1    None
b - Summon Ice Beast      Ice/Summ       ###.....     75%         4    None


Dungeon Overview and Level Annotations

Branches:
Dungeon (3/15)

Altars:
Cheibriados


Innate Abilities, Weirdness & Mutations

You have sharp fingernails.
You have a pair of small horns on your head.
You have sharp toenails.


Message History

Confirm with . or Enter, or press ? or * to list all spells.
Aiming: Freeze
Press: ? - help, Shift-Dir - straight line, f/p - phantom
Aim: a phantom (lightly damaged)
You feel a surge of power!
You freeze the phantom.
The phantom completely resists.
The phantom is lightly damaged.
The phantom misses you.
Casting: Freeze
Confirm with . or Enter, or press ? or * to list all spells.
Aiming: Freeze
Press: ? - help, Shift-Dir - straight line, f/p - phantom
Aim: a phantom You feel a surge of power!
You freeze the phantom.
The phantom resists.
The phantom is lightly damaged.
The phantom hits you but does no damage.
You miss the phantom. You claw the phantom, but do no damage.
The phantom is lightly damaged.
The phantom hits you.
You die...

..#
#...........##..............#
..#
#...........############....#
..# #...........# #....# ###
#...........# #....#
#...........# #....#
#...........# #....#
##########..# ##.### ##W#####
#.### #@....# #.... #####.#
######## #.# #....... #.#
#.###### #.######.#
#......#.# ######.#.#
#........# #.####.###


You could see a phantom.

Vanquished Creatures
  Robin (D:2)
  An adder (D:2)
  An ooze (D:2)
  A worm (D:2)
  3 leopard geckos
  4 orcs (D:3)
  4 giant cockroaches
  16 goblins
  8 hobgoblins
  4 jackals
  5 bats
  4 frilled lizards
  6 kobolds
  8 rats
66 creatures vanquished.

Notes
Turn   | Place    | Note
-------+----------+-------------------------------------------
     0 | D:1      | HarleyQuinn the Demonspawn Ice Elementalist began the quest for the Orb.
     0 | D:1      | Reached XP level 1. HP: 13/13 MP: 3/3
   377 | D:1      | Reached skill level 3 in Ice Magic
   514 | D:1      | Gained mutation: You have sharp toenails. [demonic ancestry]
   514 | D:1      | Reached XP level 2. HP: 15/19 MP: 0/5
  1650 | D:2      | Gained mutation: You have a pair of small horns on your head. [demonic ancestry]
  1650 | D:2      | Reached XP level 3. HP: 21/24 MP: 6/6
  1904 | D:2      | Reached skill level 4 in Ice Magic
  2150 | D:2      | Noticed Robin
  2486 | D:2      | Killed Robin
  2486 | D:2      | Gained mutation: You have sharp fingernails. [demonic ancestry]
  2486 | D:2      | Reached XP level 4. HP: 19/30 MP: 4/7
  2843 | D:2      | Learned a level 4 spell: Summon Ice Beast
  4026 | D:3      | Found a snail-covered altar of Cheibriados.
  4037 | D:3      | Became a worshipper of Cheibriados the Contemplative
  4109 | D:3      | Noticed a phantom
  4697 | D:2      | Slain by a phantom

Vault maps used:
D:1:      dpeg_arrival_court, patterned_corridor
D:2:      kennysheep_goblin_castle, first_bread, serial_bayou_pond_e
D:3:      elyvilon_altar_3, lemuel_coloured_pillars_altar, ashenzari_altar_1

Skill      XL: |  1  2  3 |
---------------+----------+-----
Ice Magic      | 3 4 |  4.9
Dodging        | |  1.7
Stealth        | |  1.7
Spellcasting   | |  2.0
Conjurations   | |  1.0

Action                   |  1- 3 |  4- 6 || total
-------------------------+-------+-------++-------
Melee: Unarmed           |    28 |       ||    28
       Whip              |    95 |    26 ||   121
       Kick              |    19 |     7 ||    26
       Headbutt          |     6 |     1 ||     7
       Staff             |       |     8 ||     8
 Cast: Freeze            |    23 |    36 ||    59
 Stab: Sleeping          |     5 |     1 ||     6
  Eat: Chunk             |     5 |     1 ||     6
       Meat ration       |       |     1 ||     1
Armor: Robe              |    34 |    11 ||    45
Dodge: Dodged            |   110 |    35 ||   145
